 Dungeon Crawl Stone Soup version 0.17-a0-1625-g47e540b (webtiles) character file.

143 Tobbichi the Digger (level 5, -3/28 HPs)
             Began as a Gargoyle Earth Elementalist on Aug 2, 2015.
             Slain by an ogre
             ... wielding a +0 giant club
              (16 damage)
             ... on level 4 of the Dungeon.
             The game lasted 00:18:57 (3373 turns).

Tobbichi the Digger (Gargoyle Earth Elementalist)   Turns: 3373, Time: 00:18:57

Health: -3/28      AC:  7    Str: 11    XL:     5   Next: 25%
Magic:  4/10       EV:  7    Int: 17    God:
Gold:   157        SH:  0    Dex: 10    Spells: 3 memorised, 5 levels left

rFire  . . .     SeeInvis .     a - 87 stones
rCold  . . .     Clarity  .     b - +0 robe
rNeg   + . .     SustAt   .     (no shield)
rPois  ∞         Gourm    .     (no helmet)
rElec  +         Spirit   .     (no cloak)
rCorr  .         Warding  .     j - +0 pair of gloves
rMut   .         Stasis   .     (no boots)
MR     .....                    (no amulet)
Stlth  ++........               (no ring)
                                (no ring)

@: not resistant to hostile enchantments, unstealthy
A: negative energy resistance 1, electricity resistance, unbreathing,
petrification resistance, rot immunity, AC +4
a: no special abilities


You were on level 4 of the Dungeon.
You were hungry.

You visited 1 branch of the dungeon, and saw 4 of its levels.

You collected 157 gold pieces.

Inventory:

Hand weapons
 n - a +0 short sword
 q - a +1 short sword of speed
Missiles
 a - 87 stones (in hand)
Armour
 b - a +0 robe (worn)
 j - a +0 pair of gloves (worn)
 o - a -1 robe
Scrolls
 g - 2 scrolls of fear
 l - a scroll of magic mapping
 m - 2 scrolls of teleportation
Potions
 e - a potion of agility {unknown}
 h - 2 potions of ambrosia
 i - 2 potions of curing
 k - a potion of cancellation {unknown}
 r - a potion of haste {unknown}
 t - a potion of magic {unknown}
 v - a potion of heal wounds {unknown}
 w - a potion of berserk rage {unknown}
Books
 c - a book of Geomancy

   Spells                             Type                      Level
   a - Sandblast                      Earth                        1
   b - Stoneskin                      Transmutation/Earth          2
   c - Passwall                       Transmutation/Earth          3
   d - Stone Arrow                    Conjuration/Earth            3
   e - Petrify                        Transmutation/Earth          4
   f - Lee's Rapid Deconstruction     Earth                        5
Comestibles
 d - a bread ration
 f - a royal jelly
 s - a meat ration


   Skills:
 - Level 1.5 Dodging
 - Level 2.1 Stealth
 + Level 3.9 Spellcasting
 - Level 0.7 Transmutations
 + Level 5.2 Earth Magic


You had 5 spell levels left.
You knew the following spells:

 Your Spells              Type           Power        Failure   Level  Hunger
a - Sandblast             Erth           ###...       1%          1    None
b - Stoneskin             Trmt/Erth      ##......     10%         2    ##.....
c - Stone Arrow           Conj/Erth      ##....       17%         3    ###....


Dungeon Overview and Level Annotations

Branches:
Dungeon (4/15)
 Temple: D:4-7

Altars:
Trog
Xom

Annotations:
D:3 Sigmund


Innate Abilities, Weirdness & Mutations

You are resistant to torment.
Your stone body is resilient (AC +4).
You are immune to poison.
You resist negative energy.
You are resistant to electric shocks.
You can survive without breathing.
You are immune to petrification.
You are immune to rotting.


Message History

Aiming: Stone Arrow
Press: ? - help, Shift-Dir - straight line, f - ogre
Aim: an ogre, wielding a giant club The stone arrow hits the ogre.
The ogre is moderately wounded.
The jackal barks!
A jackal comes into view.
Casting: Stone Arrow
Confirm with . or Enter, or press ? or * to list all spells.
Aiming: Stone Arrow
Press: ? - help, Shift-Dir - straight line, f/p - ogre
Aim: an ogre, wielding a giant club (moderately wounded)
The stone arrow misses the ogre.
The ogre hits you with a giant club!
Ouch! That really hurt!
The jackal bites you but does no damage.
There is a stone staircase leading up here.
The jackal bites you but does no damage.
The ogre hits you with a giant club!
Ouch! That really hurt!
You die...

#### #.>.##########
#............#
#..........<.#
#............#
##............######
#....@O............#
.....hh.........####.#
.................# #.#
..............##^# #.##
....?..#####.##...##..#
...#.## ### .#♣.##.#
..... .≈.^#.# ....#
^≈.♣.♣.#.# #≈.__....#


You could see an ogre and 2 jackals.

Vanquished Creatures
  Natasha (thrice) (D:3)
  3 adders (D:2)
  3 oozes
  3 worms
  4 giant geckos
  4 orcs (D:3)
  3 giant cockroaches
  5 goblins
  6 hobgoblins
  2 jackals (D:3)
  2 quokkas (D:2)
  3 ball pythons
  4 bats
  4 kobolds
  12 rats
61 creatures vanquished.

Notes
Turn   | Place    | Note
--------------------------------------------------------------
     0 | D:1      | Tobbichi the Gargoyle Earth Elementalist began the quest for the Orb.
     0 | D:1      | Reached XP level 1. HP: 10/10 MP: 3/3
   290 | D:1      | Reached XP level 2. HP: 12/15 MP: 0/5
   919 | D:2      | Reached skill level 4 in Earth Magic
   919 | D:2      | Reached XP level 3. HP: 5/19 MP: 0/7
  1488 | D:2      | Reached XP level 4. HP: 24/24 MP: 2/8
  1970 | D:3      | Noticed Natasha
  1978 | D:3      | Killed Natasha
  2183 | D:3      | Reached skill level 5 in Earth Magic
  2329 | D:3      | Reached XP level 5. HP: 28/28 MP: 6/10
  2335 | D:3      | Found a faded altar to an unknown god.
  2389 | D:3      | Noticed Natasha
  2404 | D:3      | Killed Natasha
  2531 | D:3      | Learned a level 2 spell: Stoneskin
  2535 | D:3      | Learned a level 3 spell: Stone Arrow
  2647 | D:3      | Noticed Natasha
  2650 | D:3      | Killed Natasha
  2756 | D:3      | Noticed Sigmund
  3023 | D:3      | Noticed a moth of wrath
  3026 | D:3      | Found a bloodstained altar of Trog.
  3200 | D:4      | Found a shimmering altar of Xom.
  3200 | D:4      | Noticed an ogre
  3211 | D:4      | Found a shimmering altar of Xom.
  3211 | D:4      | Found a shimmering altar of Xom.
  3211 | D:4      | Found a shimmering altar of Xom.
  3211 | D:4      | Found a shimmering altar of Xom.
  3373 | D:4      | Slain by an ogre

Vault maps used:
D:1:      dpeg_arrival_signposts
D:2:      dk_noncrumbling_4, kennysheep_generic_room_15
D:3:      tgw_trog, ecumenical_altar_2, uniq_natasha, uniq_sigmund
D:4:      xom_redecorated, first_bread, uniq_edmund

Action                   |  1- 3 |  4- 6 || total
-------------------------+-------+-------++-------
Melee: Unarmed           |    13 |       ||    13
       Short sword       |    16 |    34 ||    50
 Cast: Sandblast         |    54 |    54 ||   108
       Stone Arrow       |       |     9 ||     9
  Use: Scroll            |     6 |     4 ||    10
  Eat: Chunk             |     2 |     6 ||     8
